 Dungeon Sprint DCSS version 0.25-a0-36-g303dd5b1f4 (webtiles) character file.

Game seed: 14999003398619523756, levelgen mode: deterministic

71 Arum the Shield-Bearer (level 4, 0/39 HPs)
             Began as a Formicid Fighter on Oct 20, 2019.
             Slain by a scorpion (4 damage)
             ... in the Dungeon (Sprint IX: "|||||||||||||||||||||||||||||").
             The game lasted 00:00:19 (66 turns).

Arum the Shield-Bearer (Formicid Fighter)             Turns: 66, Time: 00:00:19

Health: 0/39       AC:  7    Str: 20    XL:     4   Next: 47%
Magic:  4/4        EV:  8    Int:  8    God:
Gold:   0          SH: 10    Dex: 11    Spells: 3/3 levels left

rFire    . . .     SeeInvis +   a - +0 quarterstaff
rCold    . . .     Gourm    .   c - +0 shield
rNeg     . . .     Faith    .   b - +0 scale mail
rPois    .         Spirit   .   (helmet unavailable)
rElec    .         Reflect  .   (no cloak)
rCorr    .         Harm     .   (no gloves)
MR       .....                  (no boots)
Stlth    ..........             (no amulet)
HPRegen  0.13/turn              (no ring)
MPRegen  0.09/turn              (no ring)

@: no status effects
A: permanent stasis, dig shafts and tunnels, four strong arms, antennae 3
a: Dig


You were in the Dungeon.
You were not hungry.

You visited 1 branch

Inventory:

Hand Weapons
 a - a +0 quarterstaff (weapon)
Armour
 b - a +0 scale mail (worn)
 c - a +0 shield (worn)
Scrolls
 k - a scroll of blinking
Potions
 d - a potion of might
 e - a potion of curing
 g - a potion of heal wounds
 h - a potion of haste
 i - 2 potions of magic
 j - a potion of berserk rage
Comestibles
 f - a ration
 l - 3 chunks of flesh


   Skills:
 + Level 5.4 Fighting
 + Level 4.3 Staves
 + Level 5.4 Armour
 + Level 5.9 Shields


You had 3 spell levels left.
You didn't know any spells.
Your spell library was empty.

Dungeon Overview and Level Annotations

Branches:
Dungeon (1/1)

Altars:


Innate Abilities, Weirdness & Mutations

You cannot be hasted, slowed, berserked, paralysed or teleported.
You can dig through walls and to a lower floor.
Your four strong arms can wield two-handed weapons with a shield.
You have a pair of large antennae on your head. (SInv)


Message History

Unknown command.
Your shield and scale mail prevent you from hitting the scorpion.
The scorpion is moderately wounded.
The orc wizard barely misses you. The scorpion stings you.
* * * LOW HITPOINT WARNING * * *
The orc wizard barely misses you.
You barely miss the scorpion.
The scorpion is moderately wounded.
You block the scorpion's attack. The orc wizard barely misses you.
You block the scorpion's attack.
Your shield and scale mail prevent you from hitting the scorpion.
The scorpion is moderately wounded.
The orc wizard hits you but does no damage.
You block the orc wizard's attack.
The scorpion stings you but does no damage.
You barely miss the scorpion.
The scorpion is moderately wounded.
You block the orc wizard's attack. The orc wizard closely misses you.
The scorpion stings you.
You die... ▓▓▓▓▓▓▓▓▓▓▓▓▓▓▓▓▓▓ ▓<...)...o@sZ....+ ▓▓▓▓▓▓▓▓▓▓▓▓▓▓▓▓▓▓

You could see a scorpion, an orc wizard and a bat skeleton.

Vanquished Creatures
  A crimson imp (D)
  A hound (D)
  A leopard gecko (D)
  A goblin (D)
  A hobgoblin (D)
  A frilled lizard (D)
  A rat (D)
7 creatures vanquished.

Notes
Turn   | Place    | Note
-------+----------+-------------------------------------------
     0 | D        | Arum the Formicid Fighter began the quest for the Orb.
     0 | D        | Reached XP level 1. HP: 18/18 MP: 1/1
    20 | D        | Reached XP level 2. HP: 24/25 MP: 2/2
    34 | D        | Noticed a crimson imp
    34 | D        | Noticed a scorpion
    49 | D        | Killed a crimson imp
    49 | D        | Reached skill level 5 in Shields
    49 | D        | Reached XP level 3. HP: 22/32 MP: 3/3
    59 | D        | Reached skill level 5 in Fighting
    59 | D        | Reached skill level 5 in Armour
    59 | D        | Reached XP level 4. HP: 13/39 MP: 4/4
    66 | D        | Slain by a scorpion

Levels and vault maps discovered:
D:        linesprint [early_d, line_temple, items_1, d_10, items_2, lair_1,
          lair_end, items_3, orc_1, orc_end, items_4, d_15, swamp_1, shoals_1,
          snake_1, spider_1, d_20, vaults_1, items_5, swamp_end, shoals_end,
          snake_end, spider_end, vaults_end, d_27, items_6, zot_1, zot_end,
          crypt_end, forest_end, elf_end, slime_end, tomb_end, abyss_end,
          pan_hell_end]

Skill      XL: |  1  2  3 |
---------------+----------+-----
Shields        | 4 5 |  5.9
Fighting       | 4 5 |  5.4
Staves         | 3 4 |  4.3
Armour         | 4 5 |  5.4

Action                   |  1- 3 |  4- 6 || total
-------------------------+-------+-------++-------
Melee: Quarterstaff      |    42 |     7 ||    49
Armor: Scale mail        |    12 |     5 ||    17
Dodge: Dodged            |    10 |     4 ||    14
Block: Shield            |    22 |     7 ||    29

Table legend:
 A = Non-vault XP
 B = Vault XP
 C = Vault XP percentage of total XP
 D = Non-vault monster count
 E = Vault monster count
 F = Vault count percentage of total count
                 A         B        C        D         E       F
            +---------+---------+-------+---------+---------+-------
      Total |       0 |     102 | 100.0 |       0 |       7 | 100.0
            +---------+---------+-------+---------+---------+-------
          D |       0 |     102 | 100.0 |       0 |       7 | 100.0
            +---------+---------+-------+---------+---------+-------
